Map: Zen LE

Players

Macrolooney

  • Race: Protoss Protoss
  • League: Silver
  • Spawn Location: 7:00

antagomiR - Winner!

  • Race: Protoss Protoss
  • League: Gold
  • Spawn Location: 1:00

VOD

Have the link to the VOD?

Description

Time

  • Played on: April 11, 2020, 8:02 p.m.
  • Length: 9:58
Show
View Real Time Build Order
Export as new Build Order

Macrolooney Protoss 

Build Orders:  

Get SALT Encoding   

  12  0:04  Probe  
  13  0:16  Probe  
  14  0:23  Pylon  
  14  0:29  Probe (Chrono Boost)  
  15  0:41  Probe (Chrono Boost)  
  16  0:47  Gateway  
  16  0:49  Probe (Chrono Boost)  
  17  0:55  Probe  
  17  0:59  Assimilator  
  18  1:08  Probe  
  19  1:20  Probe  
  20  1:32  Probe  
  21  1:36  Cybernetics Core  
  21  1:44  Probe  
  22  1:47  Pylon  
  22  1:55  Assimilator  
  22  1:56  Probe  
  23  2:07  Warp Gate (Chrono Boost)  
  23  2:08  Probe  
  24  2:20  Probe  
  24  2:22  Gateway  
  25  2:25  Gateway  
  25  2:29  Robotics Facility  
  25  2:35  Probe  
  25  3:00  Pylon, Stalker  
  27  3:13  Stalker  
  27  3:15  Immortal (Chrono Boost)  
  33  3:26  Pylon  
  33  3:30  Probe  
  34  3:43  Probe, Stalker  
  34  3:44  Stalker x2  
  41  3:58  Pylon  
  41  4:00  Observer  
  42  4:06  Probe  
  42  4:08  Zealot  
  42  4:09  Zealot  
  47  4:18  Probe  
  48  4:31  Stalker x2  
  48  4:32  Stalker  
  48  4:35  Probe  
  55  4:49  Pylon  
  55  4:51  Pylon  
  55  5:03  Probe  
  55  5:04  Immortal (Chrono Boost)  
  54  5:08  Stalker x2  
  62  5:25  Probe  
  63  5:37  Probe  
  64  5:50  Nexus  
  38  6:29  Stalker x2  
  38  6:30  Stalker  
  44  6:34  Immortal (Chrono Boost)  
  44  6:38  Probe  
  48  6:55  Zealot  
  48  6:56  Zealot x2  
  54  7:04  Gateway  
  48  7:55  Pylon  
  38  8:02  Zealot  
  38  8:03  Zealot x3  
  41  8:40  Pylon  
  37  8:58  Zealot x3  
  37  8:59  Zealot  
  41  9:18  Probe  
  44  9:27  Zealot x4  
  44  9:30  Probe  
  47  9:32  Pylon  
  47  9:35  Assimilator  
  47  9:40  Assimilator  
Show
View Real Time Build Order
Export as new Build Order

antagomiR Protoss - Winner!

Build Orders: Archon Immortal 

Get SALT Encoding   

  12  0:01  Probe  
  13  0:13  Probe  
  14  0:19  Pylon  
  14  0:25  Probe  
  15  0:39  Gateway  
  15  0:41  Probe  
  16  0:53  Probe  
  16  0:56  Assimilator  
  17  1:07  Probe  
  18  1:20  Assimilator  
  18  1:26  Cybernetics Core  
  18  1:31  Probe  
  19  1:43  Probe  
  20  1:52  Pylon  
  20  1:56  Probe  
  20  1:59  Warp Gate (Chrono Boost)  
  21  2:08  Probe, Stalker (Chrono Boost)  
  24  2:18  Robotics Facility  
  25  2:22  Probe  
  25  2:34  Probe  
  26  2:49  Stalker  
  28  2:52  Probe  
  29  2:59  Nexus  
  29  3:04  Probe  
  30  3:06  Observer  
  31  3:13  Pylon  
  31  3:31  Probe  
  31  3:33  Shield Battery  
  32  3:36  Immortal  
  36  3:43  Probe  
  36  3:44  Sentry  
  39  4:03  Pylon  
  39  4:10  Probe  
  39  4:12  Probe  
  41  4:20  Pylon  
  41  4:21  Gateway  
  41  4:23  Probe, Gateway  
  42  4:24  Probe  
  43  4:35  Twilight Council  
  43  4:37  Probe x2  
  45  4:51  Immortal  
  49  5:02  Probe x2  
  49  5:06  Assimilator  
  51  5:13  Assimilator  
  51  5:14  Probe x2, Sentry  
  52  5:19  Observer  
  55  5:26  Probe x2  
  55  5:27  Charge (Chrono Boost)  
  55  5:28  Pylon  
  57  5:30  Observer  
  58  5:38  Probe x2  
  60  5:50  Probe  
  60  5:52  Stalker  
  60  5:54  Sentry  
  59  6:13  Zealot  
  61  6:19  Immortal  
  61  6:20  Probe  
  61  6:21  Probe  
  67  6:27  Templar Archives  
  67  6:32  Forge  
  67  6:33  Probe x2  
  67  6:37  Shield Battery  
  69  6:42  Shield Battery  
  69  6:52  Pylon, Nexus  
  69  6:54  Pylon  
  69  6:58  Immortal  
  73  7:07  Probe x2, Protoss Ground Weapons Level 1 (Chrono Boost)  
  75  7:19  Probe x2  
  75  7:22  Gateway x2  
  76  7:25  Gateway  
  76  7:28  Photon Cannon  
  76  7:32  Gateway  
  76  7:33  Gateway  
  76  7:34  Photon Cannon  
  76  7:45  Stalker x3  
  70  8:16  Immortal (Chrono Boost)  
  70  8:18  Stalker x2  
  78  8:20  Shield Battery  
  78  8:22  Shield Battery  
  78  8:24  Probe x2  
  78  8:25  Assimilator  
  80  8:28  Assimilator  
  80  8:36  Probe  
  81  8:48  Immortal  
  81  8:49  High Templar x2  
  81  8:50  High Templar x3  
  81  8:51  High Templar  
  81  8:53  Archon  
  81  8:54  Probe x3  
  100  8:59  Zealot x2  
  104  9:06  Probe x2  
  106  9:10  Archon x2  
  106  9:29  Probe x2  
  109  9:39  Photon Cannon  
  109  9:40  Photon Cannon  
  109  9:45  Photon Cannon  
Tags
 
Composition
Archon Immortal
Matchup
PvP
Replay Pack
20200422
Spawn Locations
Cross Positions
Add a new tag
Caveats
  • Supply blocks, unpowered buildings, or Contaminate may cause inaccurate times.
  • Supply counts are checked every 10 seconds.